BSA
LOS CABOS CARTEL @ SO CAL HENVY
10/04/2025
 
TOP OF THE 1ST
Los Cabos Cartel batting - Pitching for Los Angeles Bruins : LHP Steve Haynes
Pitching: LHP Steve Haynes
Batting: RHB Yasuhiro Kobayashi 0-0: Ball
1-0: Ball
2-0: Ball
3-0: Base on Balls
Batting: RHB Wilbert Rodgers 0-0: Called Strike
0-1: Ball
1-1: Grounds into double play, 1-6-3 (Groundball, 15)
Batting: RHB António Magana 0-0: Called Strike
0-1: Fly out, F9 (Line Drive, 89M)
Top of the 1st over - 0 run(s), 0 hit(s), 0 error(s), 0 left on base; Los Cabos 0 - Los Angeles 0
BOTTOM OF THE 1ST
Los Angeles Bruins batting - Pitching for Los Cabos Cartel : RHP Vicente Durán
Pitching: RHP Vicente Durán
Batting: LHB Al Mills 0-0: Called Strike
0-1: Ball
1-1: Foul Ball, location: 2F
1-2: Foul Ball, location: 2F
1-2: Ball
2-2: Foul Ball, location: 2F
2-2: SINGLE (Groundball, 6MD)
Batting: RHB William Richardson 0-0: Ball
1-0: Called Strike
1-1: Foul Ball, location: 2F
1-2: Ball
2-2: Ball
3-2: Foul Ball, location: 2F
3-2: SINGLE (Flyball, 8RS)
Al Mills to second
Batting: LHB Ray Spencer 0-0: Called Strike
0-1: Ball
1-1: Foul Ball, location: 2F
1-2: Grounds out, U3 (Groundball, 3L)
Al Mills to third
Batting: SHB Ray Burgess 0-0: Ball
1-0: Foul Ball, location: 2F
1-1: Ball
2-1: Foul Ball, location: 2F
2-2: Ball
3-2: Foul Ball, location: 2F
3-2: Fly out, F8 (Flyball, 8LD)
Runner from 3rd tags up, SCORES, no throw
William Richardson to third
Batting: RHB Gregg Nelson 0-0: Ball
1-0: Ground out 6-3 (Groundball, 6)
Bottom of the 1st over - 1 run(s), 2 hit(s), 0 error(s), 1 left on base; Los Cabos 0 - Los Angeles 1
TOP OF THE 2ND
Los Cabos Cartel batting - Pitching for Los Angeles Bruins : LHP Steve Haynes
Batting: RHB Jesús Hernández 0-0: Foul Ball, location: 2F
0-1: Foul Ball, location: 2F
0-2: Foul Ball, location: 2F
0-2: Fly out, F4 (Popup, 34)
Batting: LHB Luis González 0-0: Ball
1-0: Called Strike
1-1: Ball
2-1: SINGLE (Flyball, 78M)
Batting: RHB Franklin Shaw 0-0: Ball
1-0: Called Strike
1-1: Grounds into double play, 6-4-3 (Groundball, 6)
Top of the 2nd over - 0 run(s), 1 hit(s), 0 error(s), 0 left on base; Los Cabos 0 - Los Angeles 1
BOTTOM OF THE 2ND
Los Angeles Bruins batting - Pitching for Los Cabos Cartel : RHP Vicente Durán
Batting: LHB Mike Mitchell 0-0: Fly out, F7 (Flyball, 7M)
Batting: SHB Alexandre Chabot 0-0: Ball
1-0: DOUBLE (Line Drive, 7D)
Batting: RHB Jason Jackson 0-0: Ball
1-0: Foul Ball, location: 2F
1-1: Foul Ball, location: 2F
1-2: Strikes out looking
Batting: RHB Jorge Flores 0-0: Called Strike
0-1: Called Strike
0-2: Strikes out swinging
Bottom of the 2nd over - 0 run(s), 1 hit(s), 0 error(s), 1 left on base; Los Cabos 0 - Los Angeles 1
TOP OF THE 3RD
Los Cabos Cartel batting - Pitching for Los Angeles Bruins : LHP Steve Haynes
Batting: LHB Willie Wallace 0-0: Ball
1-0: Foul Ball, location: 2F
1-1: Swinging Strike
1-2: Fly out, F9 (Flyball, 9S)
Batting: LHB Miguel Rivería 0-0: Foul Ball, location: 2F
0-1: SINGLE (Line Drive, 89S)
Batting: LHB Manny Quiñones 0-0: Ball
1-0: Grounds into double play, 1-4-3 (Groundball, 15)
Top of the 3rd over - 0 run(s), 1 hit(s), 0 error(s), 0 left on base; Los Cabos 0 - Los Angeles 1
BOTTOM OF THE 3RD
Los Angeles Bruins batting - Pitching for Los Cabos Cartel : RHP Vicente Durán
Batting: LHB Al Mills 0-0: Ball
1-0: Foul Ball, location: 2F
1-1: Ball
2-1: DOUBLE (Flyball, 8RS)
Batting: RHB William Richardson 0-0: Ground out U3 (Groundball, 3L)
Al Mills to third
Batting: LHB Ray Spencer 0-0: Foul Ball, location: 2F
0-1: Ball
1-1: Ball
Passed Ball!
Al Mills scores
2-1: Swinging Strike
2-2: Foul Ball, location: 2F
2-2: Ball
3-2: Strikes out looking
Batting: SHB Ray Burgess 0-0: Ball
1-0: Called Strike
1-1: Ball
2-1: Foul Ball, location: 2F
2-2: Strikes out looking
Bottom of the 3rd over - 1 run(s), 1 hit(s), 0 error(s), 0 left on base; Los Cabos 0 - Los Angeles 2
TOP OF THE 4TH
Los Cabos Cartel batting - Pitching for Los Angeles Bruins : LHP Steve Haynes
Batting: RHB Yasuhiro Kobayashi 0-0: Ball
1-0: Fly out, F8 (Popup, 4MD)
Batting: RHB Wilbert Rodgers 0-0: Called Strike
0-1: Called Strike
0-2: Ball
1-2: Ball
2-2: Ball
3-2: Base on Balls
Batting: RHB António Magana 0-0: Called Strike
0-1: Ball
1-1: Foul Ball, location: 2F
1-2: SINGLE (Groundball, 13) (infield hit)
Wilbert Rodgers to second
Batting: RHB Jesús Hernández 0-0: SINGLE (Line Drive, 5D)
Wilbert Rodgers to third
António Magana to second
Runner from 3rd tries for Home, SAFE, throw made at trailing runner, SAFE at third!
Batting: LHB Luis González 0-0: Fielders Choice at 2nd, 1-4 (Groundball, 13)
Batting: RHB Franklin Shaw 0-0: Called Strike
0-1: Ball
1-1: Swinging Strike
1-2: Ground out 4-3 (Groundball, 4)
Top of the 4th over - 1 run(s), 2 hit(s), 0 error(s), 2 left on base; Los Cabos 1 - Los Angeles 2
BOTTOM OF THE 4TH
Los Angeles Bruins batting - Pitching for Los Cabos Cartel : RHP Vicente Durán
Batting: RHB Gregg Nelson 0-0: SINGLE (Groundball, 56S)
Batting: LHB Mike Mitchell 0-0: Foul Ball, location: 2F
0-1: Foul Ball, location: 2F
0-2: Ball
1-2: Foul Ball, location: 2F
1-2: Strikes out looking
Batting: SHB Alexandre Chabot 0-0: Ball
1-0: Ball
2-0: Fielders Choice at 2nd, 6-4 (Groundball, 6)
Batting: RHB Jason Jackson 0-0: Called Strike
0-1: Swinging Strike
0-2: Ball
1-2: Foul Ball, location: 2F
1-2: Foul Ball, location: 2F
1-2: Strikes out swinging
Bottom of the 4th over - 0 run(s), 1 hit(s), 0 error(s), 1 left on base; Los Cabos 1 - Los Angeles 2
TOP OF THE 5TH
Los Cabos Cartel batting - Pitching for Los Angeles Bruins : LHP Steve Haynes
Batting: LHB Willie Wallace 0-0: Ball
1-0: Foul Ball, location: 2F
1-1: Ground out 4-3 (Groundball, 4)
Batting: LHB Miguel Rivería 0-0: Called Strike
0-1: Ball
1-1: Foul Ball, location: 2F
1-2: Ball
2-2: Foul Ball, location: 2F
2-2: Fly out, F9 (Flyball, 89S)
Batting: LHB Manny Quiñones 0-0: Foul Ball, location: 2F
0-1: Called Strike
0-2: Ball
1-2: Ground out 5-3 (Groundball, 56)
Top of the 5th over - 0 run(s), 0 hit(s), 0 error(s), 0 left on base; Los Cabos 1 - Los Angeles 2
BOTTOM OF THE 5TH
Los Angeles Bruins batting - Pitching for Los Cabos Cartel : RHP Vicente Durán
Batting: RHB Jorge Flores 0-0: Ball
1-0: SINGLE (Line Drive, 9LS)
Batting: LHB Al Mills 0-0: Called Strike
0-1: Ground out 5-3 (Groundball, 56S)
Jorge Flores to second
Batting: RHB William Richardson 0-0: Ball
1-0: Foul Ball, location: 2F
1-1: Ball
2-1: Foul Ball, location: 2F
2-2: Strikes out swinging
Batting: LHB Ray Spencer 0-0: Ball
1-0: Foul Ball, location: 2F
1-1: Swinging Strike
1-2: Strikes out swinging
Bottom of the 5th over - 0 run(s), 1 hit(s), 0 error(s), 1 left on base; Los Cabos 1 - Los Angeles 2
TOP OF THE 6TH
Los Cabos Cartel batting - Pitching for Los Angeles Bruins : LHP Steve Haynes
Batting: RHB Yasuhiro Kobayashi 0-0: Foul Ball, location: 2F
0-1: Ball
1-1: Ball
2-1: Ball
3-1: Base on Balls
Batting: RHB Wilbert Rodgers 0-0: Fly out, F7 (Flyball, 78M)
Batting: RHB António Magana 0-0: Ball
1-0: Fly out, F3 (Popup, 3SF)
Batting: RHB Jesús Hernández 0-0: Ball
1-0: Foul Ball, location: 2F
1-1: Ground out 5-3 (Groundball, 56)
Top of the 6th over - 0 run(s), 0 hit(s), 0 error(s), 1 left on base; Los Cabos 1 - Los Angeles 2
BOTTOM OF THE 6TH
Los Angeles Bruins batting - Pitching for Los Cabos Cartel : RHP Vicente Durán
Batting: SHB Ray Burgess 0-0: Ball
1-0: Foul Ball, location: 2F
1-1: Called Strike
1-2: Ball
2-2: Fly out, F8 (Flyball, 8LM)
Batting: RHB Gregg Nelson 0-0: Called Strike
0-1: Fly out, F8 (Flyball, 8RM)
Batting: LHB Mike Mitchell 0-0: Called Strike
0-1: Swinging Strike
0-2: Foul Ball, location: 2F
0-2: Ball
1-2: Foul Ball, location: 2F
1-2: Ground out 4-3 (Groundball, 34)
Bottom of the 6th over - 0 run(s), 0 hit(s), 0 error(s), 0 left on base; Los Cabos 1 - Los Angeles 2
TOP OF THE 7TH
Los Cabos Cartel batting - Pitching for Los Angeles Bruins : LHP Steve Haynes
Batting: LHB Luis González 0-0: Ball
1-0: SINGLE (Groundball, 6M)
Pinch Hitting: SHB Julián Madrid 0-0: Ball
1-0: Bunted foul
1-1: Ball
2-1: Bunted foul
2-2: Foul Ball, location: 2F
2-2: SINGLE (Flyball, 8RS)
Luis González to second
Runner from 2nd tries for 3rd, SAFE, throw made to third
Batting: LHB Willie Wallace 0-0: Called Strike
0-1: Called Strike
0-2: Ball
1-2: Foul Ball, location: 2F
1-2: Ground out 6-3 (Groundball, 6)
Julián Madrid to second
Pinch Hitting: SHB Luis González 0-0: Foul Ball, location: 2F
0-1: Fly out, F9 (Flyball, 9S)
Pinch Hitting: LHB José Rivas 0-0: Ball
1-0: Ball
2-0: SINGLE (Line Drive, 78S)
Luis González scores
Julián Madrid to third
Runner from 3rd tries for Home, SAFE, throw made home
José Rivas to second
Batting: RHB Yasuhiro Kobayashi 0-0: Ball
1-0: Ball
2-0: Foul Ball, location: 2F
2-1: Ball
3-1: Called Strike
3-2: Base on Balls
Batting: RHB Wilbert Rodgers 0-0: Foul Ball, location: 2F
0-1: Foul Ball, location: 2F
0-2: Ball
1-2: Foul Ball, location: 2F
1-2: Ball
2-2: Foul Ball, location: 2F
2-2: Ball
3-2: Base on Balls
José Rivas to third
Yasuhiro Kobayashi to second
Pitching: RHP Juan González
Pinch Hitting: LHB Matt Smith 0-0: GRAND SLAM HOME RUN (Flyball, 8LXD), Distance : 425 ft
Batting: RHB Jesús Hernández 0-0: Ball
1-0: Ball
2-0: Ball
3-0: Called Strike
3-1: Swinging Strike
3-2: Ground out 6-3 (Groundball, 56)
Top of the 7th over - 6 run(s), 4 hit(s), 0 error(s), 0 left on base; Los Cabos 7 - Los Angeles 2
BOTTOM OF THE 7TH
Los Angeles Bruins batting - Pitching for Los Cabos Cartel : RHP Vicente Durán
Pitching: RHP Anastasio Freitas
Now at 1B: Marc Brown
Now at 2B: Matt Smith
Now in LF: José Rivas
Now in RF: Luis González
Batting: SHB Alexandre Chabot 0-0: Ball
1-0: Called Strike
1-1: Foul Ball, location: 2F
1-2: Foul Ball, location: 2F
1-2: Ball
2-2: Ball
3-2: Strikes out swinging
Batting: RHB Jason Jackson 0-0: Ground out 5-3 (Groundball, 56S)
Batting: RHB Jorge Flores 0-0: Ball
1-0: Foul Ball, location: 2F
1-1: Ball
2-1: Called Strike
2-2: SINGLE (Line Drive, 78M)
Batting: LHB Al Mills 0-0: Swinging Strike
0-1: Called Strike
0-2: Ball
1-2: Strikes out swinging
Bottom of the 7th over - 0 run(s), 1 hit(s), 0 error(s), 1 left on base; Los Cabos 7 - Los Angeles 2
TOP OF THE 8TH
Los Cabos Cartel batting - Pitching for Los Angeles Bruins : RHP Juan González
Batting: LHB Luis González 0-0: DOUBLE (Line Drive, 9LD)
Batting: LHB Marc Brown 0-0: Ground out 6-3 (Groundball, 6)
Luis González to third
Batting: LHB Willie Wallace 0-0: Foul Ball, location: 2F
0-1: Ball
1-1: Called Strike
1-2: Fly out, F9 (Flyball, 9D)
Runner from 3rd tags up, SCORES, no throw
Batting: SHB Luis González 0-0: Called Strike
0-1: Foul Ball, location: 2F
0-2: Strikes out swinging
Top of the 8th over - 1 run(s), 1 hit(s), 0 error(s), 0 left on base; Los Cabos 8 - Los Angeles 2
BOTTOM OF THE 8TH
Los Angeles Bruins batting - Pitching for Los Cabos Cartel : RHP Anastasio Freitas
Batting: RHB William Richardson 0-0: Ball
1-0: Foul Ball, location: 2F
1-1: Ball
2-1: Ball
3-1: Ground out 1-3 (Groundball, 13S)
Batting: LHB Ray Spencer 0-0: Called Strike
0-1: SINGLE (Line Drive, 34D)
Batting: SHB Ray Burgess 0-0: Called Strike
0-1: Fly out, F7 (Flyball, 7M)
Pitching: RHP Yajirobei Endo
Batting: RHB Gregg Nelson 0-0: Swinging Strike
0-1: Ball
1-1: Foul Ball, location: 2F
1-2: Foul Ball, location: 2F
1-2: Ball
2-2: Foul Ball, location: 2F
2-2: Ball
3-2: Base on Balls
Ray Spencer to second
Batting: LHB Mike Mitchell 0-0: Foul Ball, location: 2F
0-1: Ball
1-1: Ball
2-1: Ball
3-1: Swinging Strike
3-2: Foul Ball, location: 2F
3-2: Strikes out swinging
Bottom of the 8th over - 0 run(s), 1 hit(s), 0 error(s), 2 left on base; Los Cabos 8 - Los Angeles 2
TOP OF THE 9TH
Los Cabos Cartel batting - Pitching for Los Angeles Bruins : RHP Juan González
Batting: LHB José Rivas 0-0: Ball
1-0: Ball
2-0: Ball
3-0: Called Strike
3-1: Foul Ball, location: 2F
3-2: Fly out, F7 (Flyball, 78S)
Batting: RHB Yasuhiro Kobayashi 0-0: Called Strike
0-1: Fly out, F3 (Line Drive, 3)
Batting: RHB Wilbert Rodgers 0-0: Swinging Strike
0-1: Ground out 1-3 (Groundball, 15S)
Top of the 9th over - 0 run(s), 0 hit(s), 0 error(s), 0 left on base; Los Cabos 8 - Los Angeles 2
BOTTOM OF THE 9TH
Los Angeles Bruins batting - Pitching for Los Cabos Cartel : RHP Yajirobei Endo
Batting: SHB Alexandre Chabot 0-0: Ball
1-0: Ball
2-0: Called Strike
2-1: Foul Ball, location: 2F
2-2: Strikes out swinging
Batting: RHB Jason Jackson 0-0: Ball
1-0: Ball
2-0: Called Strike
2-1: Foul Ball, location: 2F
2-2: Foul Ball, location: 2F
2-2: Foul Ball, location: 2F
2-2: Ball
3-2: Base on Balls
Pitching: LHP António Martínez
Batting: RHB Jorge Flores 0-0: Ball
1-0: Foul Ball, location: 2F
1-1: Foul Ball, location: 2F
1-2: Fly out, F7 (Flyball, 7M)
Batting: LHB Al Mills 0-0: Ball
1-0: DOUBLE (Flyball, 7LD)
Jason Jackson to third
Batting: RHB William Richardson 0-0: Called Strike
0-1: Ball
1-1: Fly out, F4 (Popup, 34D)
Bottom of the 9th over - 0 run(s), 1 hit(s), 0 error(s), 2 left on base; Los Cabos 8 - Los Angeles 2
This league is powered by Out of the Park Baseball, the baseball management simulation game for PC, Mac and Linux
Tuesday, August 2nd, 2016 - OOTP Baseball 16.8 Build 38